MLB
TORONTO BLUE JAYS @ BOSTON RED SOX
04/22/2020
 
TOP OF THE 1ST
Toronto Blue Jays batting - Pitching for Boston Red Sox : LHP Eduardo Rodriguez
Pitching: LHP Eduardo Rodriguez
Batting: RHB Bo Bichette 0-0: Ball
1-0: Called Strike
1-1: Fly out, F7 (Flyball, 7, EV 84.4 MPH)
Batting: LHB Rowdy Tellez 0-0: Ball
1-0: Ball
2-0: Called Strike
2-1: Ball
3-1: Called Strike
3-2: Fly out, F8 (Line Drive, 8RD, EV 91.3 MPH)
Batting: RHB Vladimir Guerrero Jr. 0-0: Ball
1-0: Foul Ball, location: 2F
1-1: Foul Ball, location: 2F
1-2: Strikes out looking
Top of the 1st over - 0 runs, 0 hits, 0 errors, 0 left on base; Toronto 0 - Boston 0
BOTTOM OF THE 1ST
Boston Red Sox batting - Pitching for Toronto Blue Jays : RHP Nate Pearson
Pitching: RHP Nate Pearson
Batting: LHB Andrew Benintendi 0-0: Ball
1-0: Fly out, F7 (Flyball, 7LS, EV 84.4 MPH)
Batting: RHB J.D. Martinez 0-0: Foul Ball, location: 2F
0-1: Foul Ball, location: 2F
0-2: Ball
1-2: Strikes out swinging
Batting: LHB Rafael Devers 0-0: Called Strike
0-1: Ground out 2-3 (Groundball, 2L, EV 71.3 MPH)
Bottom of the 1st over - 0 runs, 0 hits, 0 errors, 0 left on base; Toronto 0 - Boston 0
TOP OF THE 2ND
Toronto Blue Jays batting - Pitching for Boston Red Sox : LHP Eduardo Rodriguez
Batting: RHB Lourdes Gurriel Jr. 0-0: Swinging Strike
0-1: DOUBLE (Line Drive, 7LM, EV 92.5 MPH)
Batting: RHB Randal Grichuk 0-0: Foul Ball, location: 2F
0-1: Ball
1-1: Foul Ball, location: 2F
1-2: Fly out, F9 (Line Drive, 89M, EV 101.9 MPH)
Batting: LHB Travis Shaw 0-0: Foul Ball, location: 2F
0-1: Ball
1-1: Ball
2-1: Swinging Strike
2-2: Foul Ball, location: 2F
2-2: Foul Ball, location: 2F
2-2: Ball
3-2: Strikes out swinging
Batting: RHB Teoscar Hernandez 0-0: Called Strike
0-1: SINGLE (Groundball, 6S, EV 65.0 MPH) (infield hit)
Lourdes Gurriel Jr. to third
Batting: LHB Cavan Biggio 0-0: Ball
1-0: Ball
2-0: Ball
3-0: Called Strike
3-1: Base on Balls
Teoscar Hernandez to second
Batting: LHB Reese McGuire 0-0: Ball
1-0: Ball
2-0: Called Strike
2-1: Ball
3-1: Base on Balls
Lourdes Gurriel Jr. scores
Teoscar Hernandez to third
Cavan Biggio to second
Batting: RHB Bo Bichette 0-0: Fly out, F8 (Flyball, 8LS, EV 97.5 MPH)
Top of the 2nd over - 1 run, 2 hits, 0 errors, 3 left on base; Toronto 1 - Boston 0
BOTTOM OF THE 2ND
Boston Red Sox batting - Pitching for Toronto Blue Jays : RHP Nate Pearson
Batting: LHB Jackie Bradley Jr. 0-0: Foul Ball, location: 2F
0-1: Fly out, F4 (Line Drive, 34D, EV 102.5 MPH)
Batting: LHB Mitch Moreland 0-0: Ball
1-0: Ball
2-0: Ball
3-0: Called Strike
3-1: Called Strike
3-2: Ground out 6-3 (Groundball, 6M, EV 80.6 MPH)
Batting: RHB Michael Chavis 0-0: Called Strike
0-1: Swinging Strike
0-2: Strikes out looking
Bottom of the 2nd over - 0 runs, 0 hits, 0 errors, 0 left on base; Toronto 1 - Boston 0
TOP OF THE 3RD
Toronto Blue Jays batting - Pitching for Boston Red Sox : LHP Eduardo Rodriguez
Batting: LHB Rowdy Tellez 0-0: Called Strike
0-1: Called Strike
0-2: Strikes out swinging, 2-3 out at first.
Batting: RHB Vladimir Guerrero Jr. 0-0: Ball
1-0: Fly out, F8 (Line Drive, 8LM, EV 102.5 MPH)
Batting: RHB Lourdes Gurriel Jr. 0-0: Ball
1-0: Fly out, F8 (Flyball, 8RS, EV 96.3 MPH)
Top of the 3rd over - 0 runs, 0 hits, 0 errors, 0 left on base; Toronto 1 - Boston 0
BOTTOM OF THE 3RD
Boston Red Sox batting - Pitching for Toronto Blue Jays : RHP Nate Pearson
Batting: RHB Jose Peraza 0-0: Called Strike
0-1: Ball
1-1: Called Strike
1-2: Ground out 4-3 (Groundball, 4MS, EV 65.6 MPH)
Batting: RHB Kevin Pillar 0-0: Called Strike
0-1: Ball
1-1: Swinging Strike
1-2: Ball
2-2: Ground out 4-3 (Groundball, 4, EV 91.3 MPH)
Batting: RHB Christian Vazquez 0-0: Ball
1-0: Foul Ball, location: 2F
1-1: Ground out 1-3 (Groundball, 34S, EV 87.5 MPH)
Bottom of the 3rd over - 0 runs, 0 hits, 0 errors, 0 left on base; Toronto 1 - Boston 0
TOP OF THE 4TH
Toronto Blue Jays batting - Pitching for Boston Red Sox : LHP Eduardo Rodriguez
Batting: RHB Randal Grichuk 0-0: Ball
1-0: Ball
2-0: Called Strike
2-1: Ball
3-1: Swinging Strike
3-2: Fly out, F8 (Flyball, 8RD, EV 77.5 MPH)
Batting: LHB Travis Shaw 0-0: Ball
1-0: Swinging Strike
1-1: Ball
2-1: Foul Ball, location: 2F
2-2: Ground out 4-3 (Groundball, 4D, EV 106.3 MPH)
Batting: RHB Teoscar Hernandez 0-0: Foul Ball, location: 2F
0-1: Swinging Strike
0-2: Ball
1-2: Ball
2-2: Strikes out looking
Top of the 4th over - 0 runs, 0 hits, 0 errors, 0 left on base; Toronto 1 - Boston 0
BOTTOM OF THE 4TH
Boston Red Sox batting - Pitching for Toronto Blue Jays : RHP Nate Pearson
Batting: LHB Andrew Benintendi 0-0: Ball
1-0: Called Strike
1-1: Ball
2-1: SINGLE (Groundball, 34D, EV 98.8 MPH)
Batting: RHB J.D. Martinez 0-0: Ball
1-0: Ball
2-0: Ball
3-0: Called Strike
3-1: Ball
Andrew Benintendi to second
Batting: LHB Rafael Devers 0-0: 3-RUN HOME RUN (Flyball, 9LD, EV 108.8 MPH), Distance : 352 ft
Batting: LHB Jackie Bradley Jr. 0-0: Called Strike
0-1: Called Strike
0-2: Strikes out looking
Batting: LHB Mitch Moreland 0-0: Foul Ball, location: 2F
0-1: Ball
1-1: Swinging Strike
1-2: Strikes out looking
Batting: RHB Michael Chavis 0-0: Ball
1-0: Foul Ball, location: 2F
1-1: Ground out 6-3 (Groundball, 6, EV 88.1 MPH)
Bottom of the 4th over - 3 runs, 2 hits, 0 errors, 0 left on base; Toronto 1 - Boston 3
TOP OF THE 5TH
Toronto Blue Jays batting - Pitching for Boston Red Sox : LHP Eduardo Rodriguez
Batting: LHB Cavan Biggio 0-0: Called Strike
0-1: Called Strike
0-2: Strikes out swinging
Batting: LHB Reese McGuire 0-0: Ground out U3 (Groundball, 3S, EV 83.8 MPH)
Batting: RHB Bo Bichette 0-0: SINGLE (Line Drive, 89S, EV 106.9 MPH)
Batting: LHB Rowdy Tellez 0-0: Called Strike
0-1: Foul Ball, location: 2F
0-2: Strikes out looking
Top of the 5th over - 0 runs, 1 hit, 0 errors, 1 left on base; Toronto 1 - Boston 3
BOTTOM OF THE 5TH
Boston Red Sox batting - Pitching for Toronto Blue Jays : RHP Nate Pearson
Batting: RHB Jose Peraza 0-0: Called Strike
0-1: Ball
1-1: Bunt for hit to 2R - play at first, batter OUT! 2-3
Batting: RHB Kevin Pillar 0-0: Ball
1-0: Ball
2-0: Ground out 1-3 (Groundball, 13S, EV 64.4 MPH)
Batting: RHB Christian Vazquez 0-0: Called Strike
0-1: DOUBLE (Line Drive, 89M, EV 98.8 MPH)
Batting: LHB Andrew Benintendi 0-0: Ball
1-0: Foul Ball, location: 2F
1-1: Foul Ball, location: 2F
1-2: DOUBLE (Line Drive, 9LD, EV 108.8 MPH)
Christian Vazquez scores
Batting: RHB J.D. Martinez 0-0: Ball
1-0: Ball
2-0: Called Strike
2-1: DOUBLE (Flyball, 9LD, EV 100.6 MPH)
Andrew Benintendi scores
Pitching: RHP Wilmer Font
Batting: LHB Rafael Devers 0-0: Foul Ball, location: 2F
0-1: Ball
1-1: Ball
2-1: Swinging Strike
2-2: Ball
3-2: Strikes out looking
Bottom of the 5th over - 2 runs, 3 hits, 0 errors, 1 left on base; Toronto 1 - Boston 5
TOP OF THE 6TH
Toronto Blue Jays batting - Pitching for Boston Red Sox : LHP Eduardo Rodriguez
Batting: RHB Vladimir Guerrero Jr. 0-0: Foul Ball, location: 2F
0-1: Foul Ball, location: 2F
0-2: Ball
1-2: Ball
2-2: Ball
3-2: Foul Ball, location: 2F
3-2: Strikes out swinging
Batting: RHB Lourdes Gurriel Jr. 0-0: Swinging Strike
0-1: Ball
1-1: SINGLE (Line Drive, 78M, EV 104.4 MPH)
Batting: RHB Randal Grichuk 0-0: Ball
1-0: Foul Ball, location: 2F
1-1: Foul Ball, location: 2F
1-2: Ball
2-2: Strikes out looking
Batting: LHB Travis Shaw 0-0: Ball
1-0: Ball
2-0: Called Strike
2-1: Foul Ball, location: 2F
2-2: Strikes out swinging
Top of the 6th over - 0 runs, 1 hit, 0 errors, 1 left on base; Toronto 1 - Boston 5
BOTTOM OF THE 6TH
Boston Red Sox batting - Pitching for Toronto Blue Jays : RHP Wilmer Font
Batting: LHB Jackie Bradley Jr. 0-0: Foul Ball, location: 2F
0-1: Ball
1-1: Ball
2-1: Fly out, F4 (Flyball, 3D, EV 66.9 MPH)
Batting: LHB Mitch Moreland 0-0: Called Strike
0-1: Fly out, F8 (Flyball, 8LXD, EV 93.8 MPH)
Batting: RHB Michael Chavis 0-0: Ground out 5-3 (Groundball, 5, EV 83.1 MPH)
Bottom of the 6th over - 0 runs, 0 hits, 0 errors, 0 left on base; Toronto 1 - Boston 5
TOP OF THE 7TH
Toronto Blue Jays batting - Pitching for Boston Red Sox : LHP Eduardo Rodriguez
Now at 2B: Tzu-Wei Lin
Batting: RHB Teoscar Hernandez 0-0: Called Strike
0-1: Swinging Strike
0-2: Fly out, F9 (Flyball, 9D, EV 96.3 MPH)
Batting: LHB Cavan Biggio 0-0: Ball
1-0: Ball
2-0: Ball
3-0: Called Strike
3-1: Base on Balls
Batting: LHB Reese McGuire 0-0: Ball
1-0: Grounds into double play, 6-4-3 (Groundball, 6, EV 100.0 MPH)
Top of the 7th over - 0 runs, 0 hits, 0 errors, 0 left on base; Toronto 1 - Boston 5
BOTTOM OF THE 7TH
Boston Red Sox batting - Pitching for Toronto Blue Jays : RHP Wilmer Font
Batting: RHB Jose Peraza 0-0: Swinging Strike
0-1: Fly out, F8 (Flyball, 8RD, EV 78.1 MPH)
Batting: RHB Kevin Pillar 0-0: Ball
1-0: Swinging Strike
1-1: Ball
2-1: Ball
3-1: Ground out 4-3 (Groundball, 4, EV 106.9 MPH)
Batting: RHB Christian Vazquez 0-0: Ball
1-0: Ball
2-0: Ball
3-0: Fly out, F3 (Flyball, 3D, EV 93.1 MPH)
Bottom of the 7th over - 0 runs, 0 hits, 0 errors, 0 left on base; Toronto 1 - Boston 5
TOP OF THE 8TH
Toronto Blue Jays batting - Pitching for Boston Red Sox : LHP Eduardo Rodriguez
Batting: RHB Bo Bichette 0-0: Called Strike
0-1: Ball
1-1: SINGLE (Groundball, 6MD, EV 94.4 MPH)
Batting: LHB Rowdy Tellez 0-0: Ball
1-0: Called Strike
1-1: Swinging Strike
1-2: Foul Ball, location: 2F
1-2: Foul Ball, location: 2F
1-2: Foul Ball, location: 2F
1-2: Fly out, F6 (Popup, 6M, EV 75.0 MPH)
Batting: RHB Vladimir Guerrero Jr. 0-0: Ball
1-0: Ball
2-0: Grounds into double play, 6-4-3 (Groundball, 6, EV 102.5 MPH)
Top of the 8th over - 0 runs, 1 hit, 0 errors, 0 left on base; Toronto 1 - Boston 5
BOTTOM OF THE 8TH
Boston Red Sox batting - Pitching for Toronto Blue Jays : RHP Wilmer Font
Batting: LHB Andrew Benintendi 0-0: Swinging Strike
0-1: Ball
1-1: Ball
2-1: Fly out, F5 (Popup, 5, EV 76.9 MPH)
Batting: RHB J.D. Martinez 0-0: Called Strike
0-1: Ball
1-1: Foul Ball, location: 2F
1-2: Ball
2-2: Foul Ball, location: 2F
2-2: Ball
3-2: Base on Balls
Batting: LHB Rafael Devers 0-0: Ball
1-0: Called Strike
1-1: Reached on error, E5 (Flyball, 5D, EV 80.6 MPH)
J.D. Martinez to second
Pitching: RHP Jacob Waguespack
Batting: LHB Jackie Bradley Jr. 0-0: Ball
1-0: Called Strike
1-1: Grounds into double play, 3-6-3 (Groundball, 3, EV 90.0 MPH)
Bottom of the 8th over - 0 runs, 0 hits, 1 error, 1 left on base; Toronto 1 - Boston 5
TOP OF THE 9TH
Toronto Blue Jays batting - Pitching for Boston Red Sox : LHP Eduardo Rodriguez
Batting: RHB Lourdes Gurriel Jr. 0-0: Ball
1-0: Ball
2-0: Called Strike
2-1: Ball
3-1: Base on Balls
Pitching: RHP Matt Barnes
Batting: RHB Randal Grichuk 0-0: Ball
1-0: Ball
2-0: SINGLE (Line Drive, 8LS, EV 100.0 MPH)
Lourdes Gurriel Jr. to second
Batting: LHB Travis Shaw 0-0: Foul Ball, location: 2F
0-1: Called Strike
0-2: Ball
1-2: Strikes out looking
Batting: RHB Teoscar Hernandez 0-0: Ball
1-0: Ball
2-0: Ball
3-0: Called Strike
3-1: Base on Balls
Lourdes Gurriel Jr. to third
Randal Grichuk to second
Pitching: RHP Brandon Workman
Batting: LHB Cavan Biggio 0-0: Ball
1-0: Ball
2-0: Called Strike
2-1: Called Strike
2-2: Ball
3-2: Foul Ball, location: 2F
3-2: Base on Balls
Lourdes Gurriel Jr. scores
Randal Grichuk to third
Teoscar Hernandez to second
Batting: LHB Reese McGuire 0-0: Foul Ball, location: 2F
0-1: Ball
1-1: Grounds into double play, 4-6-3 (Groundball, 4, EV 81.3 MPH)
Top of the 9th over - 1 run, 1 hit, 0 errors, 2 left on base; Toronto 2 - Boston 5
Sunday, April 19th, 2020 - OOTP Baseball 21.2 Build 38